 Dungeon Crawl Stone Soup version 0.27.0-1-g7a08968 (webtiles) character file.

Game seed: 5371535513045695879

44 AmazingTV the Sneak (level 3, -6/18 HPs)
             Began as a Spriggan Brigand on Aug 26, 2021.
             Mangled by a worm (9 damage)
             ... on level 2 of the Dungeon on Aug 28, 2021.
             The game lasted 00:04:59 (1298 turns).

AmazingTV the Sneak (Spriggan Brigand)              Turns: 1298, Time: 00:05:00

Health: -6/18      AC:  7    Str:  8    XL:     3   Next: 41%
Magic:  4/4        EV: 17    Int: 12    God:
Gold:   17         SH:  0    Dex: 16    Spells: 2/2 levels left

rFire    . . .     SeeInvis +   c - +0 short sword
rCold    . . .     Faith    .   (shield restricted)
rNeg     . . .     Spirit   .   k - +0 robe
rPois    .         Reflect  .   (helmet restricted)
rElec    .         Harm     .   o - +0 cloak
rCorr    .         Rampage  .   (gloves unavailable)
Will     .....                  (boots unavailable)
Stlth    +++.......             (no amulet)
HPRegen  0.06/turn              i - +4 ring of protection
MPRegen  0.09/turn              (no ring)

@: very quick
A: very small, no large weapons, unfitting armour, see invisible, speed 3
a: no special abilities


You were on level 2 of the Dungeon.
You visited 1 branch of the dungeon, and saw 2 of its levels.

You collected 17 gold pieces.

Inventory:

Hand Weapons
 a - a +2 dagger
 b - a +1 dagger of flaming
 c - a +0 short sword (weapon)
Missiles
 d - 4 poisoned darts (quivered)
 e - 2 curare-tipped darts
Armour
 k - a +0 robe (worn)
 o - a +0 cloak (worn)
Jewellery
 g - a ring of magical power
 i - a +4 ring of protection (left hand)
Scrolls
 f - 4 scrolls of identify {unknown}
 j - 2 scrolls of enchant weapon {unknown}
 l - a scroll of immolation {unknown}
 n - a scroll of teleportation {unknown}
Potions
 h - a potion of ambrosia {unknown}
 m - 2 potions of invisibility {unknown}


   Skills:
 + Level 2.0 Fighting
 + Level 2.7 Short Blades
 + Level 2.4 Throwing
 + Level 2.2 Dodging
 + Level 6.3 Stealth


You had 2 spell levels left.
You didn't know any spells.
Your spell library contained the following spells:

 Spells                   Type           Power      Damage    Failure   Level
 Gell's Gravitas          Tloc           0%         N/A       69%         3
 Portal Projectile        Hex/Tloc       0%         N/A       69%         3
 Teleport Other           Tloc           0%         N/A       69%         3
 Blade Hands              Tmut           0%         N/A       100%        5
 Excruciating Wounds      Necr           0%         N/A       100%        5
 Dispersal                Tloc           0%         N/A       100%        6


Dungeon Overview and Level Annotations

Branches:
Dungeon (2/15)

Altars:


Innate Abilities, Weirdness & Mutations

You are very small and have problems with some larger weapons.
You are too small for most types of armour.
You have supernaturally acute eyesight. (SInv)
You cover ground extremely quickly. (Speed+++)


Message History

The worm looks more healthy.
The worm barely misses you.
You completely miss the worm.
The worm is lightly wounded.
You hit the worm.
The worm is moderately wounded.
The worm closely misses you.
You hit the worm.
The worm is moderately wounded.
You hit the worm.
The worm is heavily wounded.
The worm closely misses you.
You barely miss the worm.
The worm is heavily wounded.
You hit the worm.
The worm is heavily wounded.
The worm closely misses you.
You hit the worm.
The worm is severely wounded.
You completely miss the worm.
The worm is severely wounded.
The worm misses you.
You hit the worm.
The worm is severely wounded.
You hit the worm but do no damage.
The worm is severely wounded.
The worm closely misses you.
You barely miss the worm.
The worm is heavily wounded.
c - a +0 short sword (weapon)
The worm bites you!
* * * LOW HITPOINT WARNING * * *
You are too injured to fight recklessly!
You hit the worm.
The worm is severely wounded.
You hit the worm.
The worm is almost dead.
The worm bites you!
Ouch! That really hurt!
You die...

##.................#....#
###..###...##.###..###....#
#........#.##. #.##.....##
#.............###....#####
.........#.........###
...........##....###
..........####..##
..........# #...#
........... #.#@##
..#.##.....#...#w.#
#.......#....####.##
##..##...........(.#
###.##.##.........(#########
....... #........(.........#
......>....................#
###.#####.........(........#
.. .................#


You could see a worm.

Vanquished Creatures
  A worm (D:2)
  2 dart slugs (D:1)
  5 bats
  An endoplasm (D:2)
  3 giant cockroaches
  2 goblins (D:1)
  2 hobgoblins
  3 jackals (D:2)
  2 quokkas (D:2)
  2 ball pythons
  4 frilled lizards
  6 kobolds
  A rat (D:2)
34 creatures vanquished.

Notes
Turn   | Place    | Note
-------+----------+-------------------------------------------
     0 | D:1      | AmazingTV the Spriggan Brigand began the quest for the Orb.
     0 | D:1      | Reached XP level 1. HP: 10/10 MP: 2/2
   202 | D:1      | Reached skill level 6 in Stealth
   208 | D:1      | Reached XP level 2. HP: 15/15 MP: 3/3
   914 | D:2      | Reached XP level 3. HP: 18/18 MP: 4/4
  1298 | D:2      | Mangled by a worm

Illustrated notes

Levels and vault maps discovered:
D:1:      minmay_arrival_semitransparent, layout_basic
D:2:      cheibrodos_greedy_goblins, layout_rooms, serial_bayou_lagoon_a,
          minmay_misc_feat_encased, minmay_tall_x

Skill      XL: |  1  2  3 |
---------------+----------+-----
Stealth        | 6 |  6.3
Dodging        | 2 |  2.2
Fighting       | 2 |  2.0
Short Blades   | |  2.7
Throwing       | |  2.4

Action                   || total
-------------------------++-------
Melee: Dagger            ||   127
       Short sword       ||     3
Throw: Dart              ||     9
 Stab: Sleeping          ||    11
Armor: Robe              ||    24
Dodge: Dodged            ||    82
